 Dungeon Crawl Stone Soup version 0.17.0-28-g6e173f8 (webtiles) character file.

1117 baaltosaur the Fighter (level 8, -12/74 HPs)
             Began as a Minotaur Fighter on Nov 27, 2015.
             Was a Believer of Okawaru.
             Killed from afar by a giant cockroach (18 damage)
             ... with an exploding inner flame
             ... hexed by the player character
             ... on level 6 of the Dungeon.
             The game lasted 01:05:18 (5543 turns).

baaltosaur the Fighter (Minotaur Fighter)           Turns: 5543, Time: 01:05:18

Health: -12/74     AC: 15    Str: 24    XL:     8   Next: 12%
Magic:  7/7        EV:  7    Int:  5    God:    Okawaru [**....]
Gold:   322        SH: 15    Dex:  9    Spells: 0 memorised, 7 levels left

rFire  . . .     SeeInvis .     F - +1 mace (protect)
rCold  + . .     Clarity  .     b - +2 scale mail
rNeg   . . .     SustAt   .     h - +0 large shield
rPois  .         Gourm    .     (helmet restricted)
rElec  .         Spirit   .     v - +0 cloak
rCorr  .         Warding  .     (no gloves)
rMut   .         Stasis   .     (no boots)
MR     .....                    (no amulet)
Stlth  ..........               (no ring)
                                j - ring of protection from cold

@: not resistant to hostile enchantments, extremely unstealthy
A: retaliatory headbutt, horns 2
a: Heroism, Renounce Religion


You were on level 6 of the Dungeon.
You worshipped Okawaru.
Okawaru was pleased with you.
You were full.

You visited 2 branches of the dungeon, and saw 7 of its levels.

You collected 322 gold pieces.

Inventory:

Hand Weapons
 u - a +5 club
 F - a +1 mace of protection (weapon)
 I - a +3 flail
 J - a +2 war axe of venom
Armour
 b - a +2 scale mail (worn)
 c - a +0 shield
 h - a +0 large shield (worn)
 i - a +0 plate armour
 v - a +0 cloak (worn)
 H - a +0 scale mail
Jewellery
 j - a ring of protection from cold (left hand)
Wands
 e - a wand of slowing (17)
 f - a wand of slowing (9)
 g - a wand of fireball (1)
Scrolls
 a - a scroll of amnesia
 m - a scroll of recharging
 r - a scroll of blinking
 B - a scroll of remove curse
 C - a scroll of enchant armour
 D - a scroll of enchant weapon
 E - a scroll of fear {unknown}
 G - a scroll of noise
Potions
 d - a potion of might
 k - a potion of beneficial mutation {unknown}
 l - a potion of poison {unknown}
 t - a potion of flight
 A - a potion of resistance {unknown}
Comestibles
 o - a royal jelly
 p - 5 meat rations
 x - 3 fruits
 z - a slice of pizza


   Skills:
 * Level 8.0 Fighting
 + Level 5.4 Maces & Flails
 + Level 5.9 Armour
 + Level 3.2 Dodging
 + Level 5.6 Shields
 - Level 0.1 Evocations


You had 7 spell levels left.
You didn't know any spells.

Dungeon Overview and Level Annotations

Branches:
Dungeon (6/15)             Temple (1/1) D:6

Altars:
Ashenzari
Cheibriados
Dithmenos
Elyvilon
Fedhas
Gozag
Kikubaaqudgha
Okawaru
Qazlal
Ru
Trog
Vehumet
Xom
Yredelemnul
Zin

Shops:
D:5 (


Innate Abilities, Weirdness & Mutations

You reflexively headbutt those who attack you in melee.
You have a pair of horns on your head.


Message History

An orc comes into view.
The orc shouts!
The giant cockroach bites you but does no damage.
The orc wizard hits you but does no damage.
The orc barely misses you.
A giant cockroach and an orc priest come into view.
Okay, then.
As you read the scroll of immolation, it crumbles to dust.
The creatures around you are filled with an inner flame!
The giant cockroach closely misses you. You furiously retaliate!
You headbutt the giant cockroach. You block the orc's attack.
The orc wizard gestures at you while chanting.
The puff of frost misses you.
The orc priest hits you but does no damage.
You block the orc's attack. The giant cockroach barely misses you.
You furiously retaliate!
You headbutt the giant cockroach!
The giant cockroach explodes!
The fiery explosion engulfs you!
You die...

####
##..##
#....#
#..o.#
#.§o.#
#§@o.#
#Fo...#
#.....#
....#.#
..####.#
... #
##.. #..


You could see a giant frog (inner flame), an orc priest (inner flame), an orc
wizard (inner flame) and 2 orcs.

Vanquished Creatures
  A hippogriff (D:4)
  A water moccasin (D:5)
  An orc warrior (D:6)
  A giant frog (D:6)
  4 wights (D:6)
  3 orc priests
  An iguana (D:6)
  2 orc wizards
  Jessica (D:3)
  4 worker ants
  4 gnolls (D:3)
  7 adders
  6 oozes
  5 worms
  14 orcs
  A ball python (D:3)
  9 bats
  5 giant cockroaches
  9 goblins
  11 hobgoblins
  15 kobolds
  2 quokkas (D:4)
  A ball python skeleton (D:4)
  A giant cockroach zombie (D:5)
  5 giant geckos
  4 giant newts
  A quokka skeleton (D:4)
  15 rats
134 creatures vanquished.

Vanquished Creatures (others)
  An orc (D:6)
1 creature vanquished.

Grand Total: 135 creatures vanquished

Notes
Turn   | Place    | Note
--------------------------------------------------------------
     0 | D:1      | baaltosaur the Minotaur Fighter began the quest for the Orb.
     0 | D:1      | Reached XP level 1. HP: 19/19 MP: 0/0
   321 | D:1      | Reached skill level 4 in Fighting
   335 | D:1      | Reached XP level 2. HP: 25/27 MP: 1/1
   521 | D:1      | Reached XP level 3. HP: 29/34 MP: 2/2
  1281 | D:2      | Found a basalt altar of Yredelemnul.
  1287 | D:2      | Reached XP level 4. HP: 41/41 MP: 3/3
  1413 | D:2      | Found an iron altar of Okawaru.
  1421 | D:2      | Became a worshipper of Warmaster Okawaru
  1766 | D:2      | Reached skill level 1 in Dodging
  2183 | D:3      | Reached XP level 5. HP: 47/47 MP: 4/4
  2497 | D:3      | Found a glowing silver altar of Zin.
  2504 | D:3      | Reached skill level 5 in Fighting
  2579 | D:3      | Noticed Jessica
  2584 | D:3      | Killed Jessica
  3094 | D:4      | Reached XP level 6. HP: 33/56 MP: 5/5
  3100 | D:4      | Reached skill level 5 in Armour
  3485 | D:4      | Noticed a hippogriff
  3494 | D:4      | Killed a hippogriff
  3494 | D:4      | Reached * piety under Okawaru
  3764 | D:4      | Reached skill level 5 in Maces & Flails
  4103 | D:5      | Entered Level 5 of the Dungeon
  4164 | D:5      | Found Duteut's Antique Weapon Boutique.
  4171 | D:5      | Noticed a water moccasin
  4178 | D:5      | Killed a water moccasin
  4178 | D:5      | Reached skill level 5 in Shields
  4178 | D:5      | Reached XP level 7. HP: 60/62 MP: 6/6
  4212 | D:5      | Found a sand-covered staircase.
  5006 | D:6      | Reached skill level 6 in Fighting
  5021 | D:6      | Reached ** piety under Okawaru
  5028 | D:6      | Reached skill level 7 in Fighting
  5224 | D:6      | Found a staircase to the Ecumenical Temple.
  5230 | Temple   | Entered the Ecumenical Temple
  5393 | D:6      | HP: 1/66 [orc warrior/war axe (18)]
  5457 | D:6      | Reached XP level 8. HP: 13/74 MP: 7/7
  5468 | D:6      | Reached skill level 8 in Fighting
  5543 | D:6      | Killed from afar by a giant cockroach

Action                   |  1- 3 |  4- 6 |  7- 9 || total
-------------------------+-------+-------+-------++-------
Melee: Flail             |    78 |    86 |    24 ||   188
       Whip              |    46 |    80 |       ||   126
       Club              |       |    32 |    58 ||    90
       Mace              |       |       |    28 ||    28
Invok: Heroism           |       |       |     1 ||     1
Evoke: Wand              |       |     1 |     2 ||     3
  Use: Scroll            |     8 |     8 |     5 ||    21
       Potion            |     3 |     2 |     3 ||     8
 Stab: Invisible         |       |       |     1 ||     1
  Eat: Meat ration       |     1 |       |       ||     1
       Royal jelly       |       |     1 |     1 ||     2
       Chunk             |       |     1 |       ||     1
       Bread ration      |       |     1 |     1 ||     2
       Fruit             |       |       |     1 ||     1
